 Dungeon Crawl Stone Soup version 0.30-a0-134-gb40fab5c76 (webtiles) character file.

Game seed: 5984865930829606574

42 bande the Trooper (level 3, -2/31 (33) HPs)
             Began as a Hill Orc Fighter on Sept 20, 2022.
             Slain by a gnoll
             ... wielding a +3 flail of draining
              (6 damage)
             ... on level 1 of the Dungeon.
             The game lasted 00:01:46 (1170 turns).

bande the Trooper (Hill Orc Fighter)                Turns: 1170, Time: 00:01:47

HP:   -2/31 (33)    AC:  6    Str: 24    XL:     3   Next: 54%
MP:   3/3           EV:  9    Int:  8    God:
Gold: 17            SH:  4    Dex: 12    Spells: 2/2 levels left

rFire   . . .      SeeInvis .    a - +0 war axe
rCold   . . .      Faith    .    c - +0 buckler
rNeg    . . .      Spirit   .    b - +0 scale mail
rPois   .          Reflect  .    (no helmet)
rElec   .          Harm     .    (no cloak)
rCorr   .          Rampage  .    (no gloves)
Will    .....                    (no boots)
Stlth   ..........               (no amulet)
HPRegen 0.10/turn                e - +6 ring of strength
MPRegen 0.08/turn                (no ring)

@: drained
A: no striking features
a: no special abilities


You were on level 1 of the Dungeon.
You visited 1 branch of the dungeon, and saw 2 of its levels.

You collected 17 gold pieces.

Inventory:

Hand Weapons
 a - a +0 war axe (weapon)
 k - a +0 flail
Armour
 b - a +0 scale mail (worn)
 c - a +0 buckler (worn)
Jewellery
 e - a +6 ring of strength (left hand)
Scrolls
 f - 2 scrolls of teleportation {unknown}
 g - a scroll of enchant armour {unknown}
 h - a scroll of identify {unknown}
 i - a scroll of summoning {unknown}
Potions
 d - a potion of might
 j - a potion of brilliance {unknown}


   Skills:
 + Level 4.0 Fighting
 + Level 3.9 Axes
 + Level 3.6 Armour
 + Level 3.5 Shields


You had 2 spell levels left.
You didn't know any spells.
Your spell library was empty.

Dungeon Overview and Level Annotations

Branches:
Dungeon (2/15)

Altars:

Shops:
D:1 *


Message History

The gnoll hits you with a +0 spear. x2
You hit the gnoll but do no damage.
The gnoll is heavily wounded.
The gnoll hits you but does no damage. The gnoll hits you but does no damage.
There is a stone staircase leading up here.
The gnoll hits you from afar with a +0 spear.
You climb upwards.
There is a stone staircase leading down, spattered with blood here.
You start resting.
You start resting.
HP restored.
You climb downwards.
The gnoll barely misses you. x2
There is a stone staircase leading up here.
You barely miss the gnoll.
The gnoll hits you from afar with a +0 spear!
The gnoll hits you but does no damage. The gnoll barely misses you.
You slash the gnoll!
The gnoll is heavily wounded.
The gnoll hits you with a +3 flail of draining!
You feel drained.
* * * LOW HITPOINT WARNING * * *
You block the gnoll's attack.
You are too injured to fight recklessly!
You are too injured to fight recklessly!
You are too injured to fight recklessly!
You are too injured to fight recklessly!
You are too injured to fight recklessly!
You are too injured to fight recklessly!
You are too injured to fight recklessly!
Unknown command.
The gnoll hits you from afar with a +0 spear.
* * * LOW HITPOINT WARNING * * *
The gnoll barely misses you.
You climb upwards.
There is a stone staircase leading down, spattered with blood here.
You hit the gnoll.
The gnoll is almost dead.
The gnoll hits you with a +3 flail of draining.
You die...

#......≈...§§....♣..).
♣.♣#..≈..∩..§§##.♣)♣P.
#.###..§...≈.###..♣♣..
♣.♣#♣...≈.≈...###♣♣♣♣♣
#........≈)...# #....
♣.♣#♣.....###.# ♣.♣♣.
#.###....)#.#.♣♣♣♣.♣♣♣
#♣.♣..g).......♣♣PP.PP♣
#.....@.......♣♣PP...PP
#......÷.....#♣♣P.....P
#..................⌠...
#........)....♣♣P.....P
#.......[...##♣♣PP...PP
#............# ♣♣PP.PP♣
#............# ♣♣♣.♣♣♣
#######)...)..>...#####♣♣.♣♣#
##......#######'###..)........


You could see a gnoll.

Vanquished Creatures
  2 gnolls (D:1)
  A bat (D:1)
  2 endoplasms (D:1)
  A giant cockroach (D:1)
  4 goblins (D:1)
  A hobgoblin (D:1)
  3 ball pythons (D:1)
  4 kobolds (D:1)
  4 rats (D:1)
22 creatures vanquished.

Vanquished Creatures (others)
  A plant (D:1)
1 creature vanquished.

Grand Total: 23 creatures vanquished

Notes
Turn   | Place    | Note
-------+----------+-------------------------------------------
     0 | D:1      | bande the Hill Orc Fighter began the quest for the Orb.
     0 | D:1      | Reached XP level 1. HP: 19/19 MP: 1/1
   182 | D:1      | Found Irudiun's General Store.
   191 | D:1      | Reached XP level 2. HP: 20/27 MP: 2/2
   851 | D:1      | Reached XP level 3. HP: 19/33 MP: 3/3
   987 | D:1      | Reached skill level 4 in Fighting
  1170 | D:1      | Slain by a gnoll

Illustrated notes

Levels and vault maps discovered:
D:1:      psy_arrival_spokes, layout_basic, serial_forest,
          infiniplex_forest_lined_room_3, infiniplex_forest_lined_3_way,
          infiniplex_forest_corner_1, infiniplex_forest_fountain,
          infiniplex_forest_end_double, infiniplex_forest_zigzag_2,
          infiniplex_forest_pool, serial_shops, nicolae_diamond_shop
D:2:      minmay_chambers_of_twos, layout_rooms, basic_altar,
          serial_co_window_serial, co_window_paths_a, co_window_paths_a,
          co_window_of_opportunity_a, co_window_of_opportunity_a,
          co_window_paths_a, co_window_corner_a, co_window_paths_b,
          co_window_corner_b, co_window_of_opportunity_b, co_window_2corner,
          co_window_broadway_b, glass_columns_a, glass_columns_b,
          glass_columns_a, glass_columns_a, glass_columns_a,
          chequers_ecumenical_altar_simple_redux, kennysheep_generic_room_8

Skill      XL: |  1  2  3 |
---------------+----------+-----
Axes           | 3 |  3.9
Fighting       | 4 |  4.0
Armour         | |  3.6
Shields        | |  3.5

Action                   || total
-------------------------++-------
Melee: War axe           ||    59
Armor: Scale mail        ||    32
Dodge: Dodged            ||    22
Block: Buckler           ||    11

Table legend: (Time is in decaauts)
 A = Elapsed time spent in this place.
 B = Non-inter-level travel time spent in this place.
 C = Inter-level travel time spent in this place.
 D = Time resting spent in this place.
 E = Time spent auto-exploring this place.
 F = Levels seen in this place.
 G = Mean time per level.
                   A        B        C        D        E       F      G
               +--------+--------+--------+--------+--------+-----+--------+
         Total |   1196 |   1196 |      0 |    433 |    563 |   2 |  598.0 |
       Dungeon |   1196 |   1196 |      0 |    433 |    563 |   2 |  598.0 |
               +--------+--------+--------+--------+--------+-----+--------+

Top non-repeatable levels by time:
     D:1: 1154 daAuts
     D:2: 42 daAuts
